 Dungeon Sprint DCSS version 0.19.1-1-g22dce08 (webtiles) character file.

71 snakesoliden the Summoner (level 4, -8/24 HPs)
             Began as a Tengu Summoner on Dec 29, 2016.
             Was a Follower of Sif Muna.
             Mangled by a troll (19 damage)
             ... in the Dungeon (Sprint IX: "|||||||||||||||||||||||||||||").
             The game lasted 00:05:08 (763 turns).

snakesoliden the Summoner (Tengu Summoner)           Turns: 763, Time: 00:05:10

Health: -8/24      AC:  3    Str:  8    XL:     4   Next: 24%
Magic:  0/8        EV: 13    Int: 16    God:    Sif Muna [*.....]
Gold:   0          SH:  0    Dex: 21    Spells: 2 memorised, 4 levels left

rFire  . . .     SeeInvis .     o - +4 quarterstaff (speed)
rCold  . . .     Gourm    .     a - +0 robe
rNeg   . . .     Faith    .     (shield currently unavailable)
rPois  .         Spirit   .     (helmet restricted)
rElec  .         Reflect  .     (no cloak)
rCorr  .         Harm     .     p - +0 pair of gloves
MR     .....     NoTele   +     (boots unavailable)
Stlth  ++........               (no amulet)
                                r - +3 ring of dexterity
                                q - +3 ring of dexterity

@: no status effects
A: beak, talons 3
a: Divine Energy, Renounce Religion


You were in the Dungeon.
You worshipped Sif Muna.
Sif Muna was aware of your devotion.
You were hungry.

You visited 1 branch

Inventory:

Hand Weapons
 o - a +4 quarterstaff of speed (weapon)
Armour
 a - a +0 robe (worn)
 p - a +0 pair of gloves (worn)
Magical Staves
 n - an uncursed staff of energy
Jewellery
 q - a +3 ring of dexterity (left hand)
 r - a +3 ring of dexterity (right hand)
Wands
 m - a wand of iceblast (7/15)
Scrolls
 i - 2 scrolls of blinking
 k - 3 scrolls of remove curse
 l - 2 scrolls of amnesia
Potions
 d - 5 potions of curing
 e - 3 potions of heal wounds
 f - a potion of haste
 g - 4 potions of magic
 h - a potion of berserk rage
 j - a potion of invisibility
Books
 b - a book of Callings

   Spells                             Type                      Level
   a - Summon Small Mammal            Summoning                    1
   b - Call Imp                       Summoning                    2
   c - Call Canine Familiar           Summoning                    3
   d - Summon Guardian Golem          Hexes/Summoning              3
   e - Summon Lightning Spire         Summoning/Air                4
   f - Summon Ice Beast               Ice/Summoning                4
Comestibles
 c - a bread ration


   Skills:
 - Level 2.1 Dodging
 - Level 2.0 Stealth
 - Level 2.0 Spellcasting
 * Level 10.5 Summonings


You had 4 spell levels left.
You knew the following spells:

 Your Spells              Type           Power        Failure   Level  Hunger
a - Summon Small Mammal   Summ           ####         1%          1    #......
b - Call Imp              Summ           #####...     1%          2    ###....


Dungeon Overview and Level Annotations

Branches:
Dungeon (1/1)

Altars:
Cheibriados
Dithmenos
Elyvilon
Fedhas
Gozag
Hepliaklqana
Kikubaaqudgha
Makhleb
Nemelex Xobeh
Okawaru
Qazlal
Ru
Sif Muna
Trog
Uskayaw
Vehumet
Xom
Yredelemnul
Zin
The Shining One
Beogh
Jiyva
Lugonu


Innate Abilities, Weirdness & Mutations

You have a beak for a mouth.
You have claws for feet.


Message History

a +2 rapier of distortion You sock the troll!
You claw the troll, but do no damage.
The troll is moderately wounded.
The troll barely misses you. The troll claws you. x2
You hit the troll. You claw the troll, but do no damage. You peck the troll.
The troll is moderately wounded.
The troll barely misses you. x2; The troll closely misses you.
You hit the troll.
The troll is heavily wounded.
You sock the troll! You claw the troll, but do no damage.
The troll is severely wounded.
The troll bites you. The troll claws you. The troll closely misses you.
There is an open door here.
Casting: Call Imp
Confirm with . or Enter, or press ? or * to list all spells.
A beastly little devil appears in a puff of flame.
You are feeling hungry.
The troll bites you!!
Ouch! That really hurt!
You die...

▓[▓
▓[▓
▓n▓
▓S▓
▓.▓
▓Y▓
▓T▓
▓T▓
▓@▓
▓_▓
▓5▓
▓_▓
▓_▓
▓_▓
▓_▓
▓_▓
▓_▓


You could see 2 trolls, an ice beast, a necrophage, an adder and a friendly
crimson imp.

Vanquished Creatures
  A big kobold (D)
  A leopard gecko (D)
  2 hobgoblins (D)
  2 rats (D)
6 creatures vanquished.

Vanquished Creatures (collateral kills)
  A leopard gecko (D)
  A giant cockroach (D)
  A quokka (D)
  A ball python skeleton (D)
  A rat (D)
5 creatures vanquished.

Grand Total: 11 creatures vanquished

Notes
Turn   | Place    | Note
-------+----------+-------------------------------------------
     0 | D        | snakesoliden the Tengu Summoner began the quest for the Orb.
     0 | D        | Reached XP level 1. HP: 10/10 MP: 4/4
   176 | D        | Reached skill level 5 in Summonings
   206 | D        | Reached skill level 6 in Summonings
   432 | D        | Reached XP level 2. HP: 15/15 MP: 0/6
   436 | D        | Learned a level 2 spell: Call Imp
   449 | D        | Reached skill level 7 in Summonings
   637 | D        | Found a roughly hewn altar of Beogh.
   637 | D        | Found a snail-covered altar of Cheibriados.
   637 | D        | Found a shadowy altar of Dithmenos.
   637 | D        | Found a white marble altar of Elyvilon.
   637 | D        | Found a blossoming altar of Fedhas.
   637 | D        | Found an opulent altar of Gozag.
   640 | D        | Found a hazy altar of Hepliaklqana.
   641 | D        | Found a viscous altar of Jiyva.
   642 | D        | Found an ancient bone altar of Kikubaaqudgha.
   643 | D        | Found a corrupted altar of Lugonu.
   644 | D        | Found a burning altar of Makhleb.
   645 | D        | Found a sparkling altar of Nemelex Xobeh.
   646 | D        | Found an iron altar of Okawaru.
   647 | D        | Found a stormy altar of Qazlal.
   648 | D        | Found a sacrificial altar of Ru.
   649 | D        | Found a deep blue altar of Sif Muna.
   650 | D        | Found a bloodstained altar of Trog.
   651 | D        | Found a hide-covered altar of Uskayaw.
   652 | D        | Found a radiant altar of Vehumet.
   653 | D        | Found a shimmering altar of Xom.
   654 | D        | Found a basalt altar of Yredelemnul.
   655 | D        | Found a glowing silver altar of Zin.
   656 | D        | Found a glowing golden altar of the Shining One.
   665 | D        | Became a worshipper of Sif Muna the Loreminder
   733 | D        | Noticed a necrophage
   733 | D        | Noticed an ice beast
   733 | D        | Noticed a troll
   733 | D        | Noticed a troll
   733 | D        | Noticed a big kobold
   748 | D        | Killed a big kobold
   748 | D        | Reached * piety under Sif Muna
   748 | D        | Reached skill level 10 in Summonings
   748 | D        | Reached XP level 3. HP: 17/19 MP: 0/7
   748 | D        | Reached XP level 4. HP: 22/24 MP: 0/8
   763 | D        | Mangled by a troll

Skill      XL: |  1  2 |
---------------+-------+-----
Summonings     | 6 10 | 10.5
Dodging        | |  2.1
Stealth        | |  2.0
Spellcasting   | |  2.0

Action                   |  1- 3 |  4- 6 || total
-------------------------+-------+-------++-------
Melee: Unarmed           |    22 |       ||    22
       Kick              |     3 |     3 ||     6
       Peck              |     3 |     1 ||     4
       Quarterstaff      |     3 |     4 ||     7
 Cast: Summon Small Mamm |    20 |       ||    20
       Call Imp          |     8 |     1 ||     9
Armor: Robe              |     3 |       ||     3
Dodge: Dodged            |    24 |     5 ||    29
